Rangers vs Red Wings

Created - 15 février 2016 at 19:33

Goals
1 2 3 T
Rangers 2 0 1 3
Red Wings 2 5 1 8
Shots
1 2 3 T
Rangers 12 5 8 25
Red Wings 18 15 7 40

1st period

1. Red Wings , Jason Spezza 34 (Rick Nash) at 4:19
2. Rangers , Mike Cammalleri 13 (Patrice Bergeron, Drew Stafford) at 6:56
3. Rangers , Milan Lucic 25 (Brad Richards) at 9:54 (PP)
4. Red Wings , Martin Havlat 18 (Christian Backman, Rick Nash) at 13:50

Penalties :
Milan Lucic (NYR) for Roughing (Minor) at 0:22, Martin Havlat (Det) for Roughing (Minor) at 9:52, Brad Richards (NYR) for Slashing (Minor) at 10:18

2nd period

5. Red Wings , Ales Hemsky 15 (Mike Richards, Sean Bergenheim) at 2:01
6. Red Wings , Rick Nash 23 (Adam Henrique, Shea Weber) at 4:53
7. Red Wings , Rick Nash 24 (Martin Havlat, Ossi Vaananen) at 7:32
8. Red Wings , Ales Hemsky 16 (Shawn Horcoff, Richard Jackman) at 8:21
9. Red Wings , Sean Bergenheim 15 (Mike Richards) at 11:58 (PP)

Penalties :
Martin Havlat (Det) for Tripping (Minor) at 4:03, Johan Franzen (NYR) for Tripping (Minor) at 4:21, Patrice Bergeron (NYR) for Tripping (Minor) at 11:21, Martin Havlat (Det) for High sticking (Minor) at 13:58, Shawn Horcoff (Det) for Interference (Minor) at 17:09, Richard Jackman (Det) for Interference (Minor) at 0:00

3rd period

10. Rangers , Chris Bourque 9 (Radek Bonk) at 13:49
11. Red Wings , Ossi Vaananen 2 (Adam Henrique, Christian Backman) at 18:41

Penalties :
Drew Stafford (NYR) for Cross-checking (Minor) at 10:14, Milan Lucic (NYR) for Hooking (Minor) at 15:12

Goalie Stats

Hannu Toivonen (NYR), 25 saves from 32 shots - (0,781), L, 10-9-1, 31:58 minutes
Henrik Lundqvist (NYR), 7 saves from 8 shots - (0,875), 28:02 minutes
Jonathan Quick (Det), 22 saves from 25 shots - (0,880), W, 23-13-5, 60:00 minutes

Players Stats for Rangers

Player Name              G  A  P  +/- PIM S  H  SB GA TA FO     MP     PP MP  PK MP  
------------------------------------------------------------------------------------
Alexei Emelin            0  0  0  -2  0   0  0  1  0  0  0/0    10:42   0:00   0:14 
Brad Richards            0  1  1  -3  2   3  1  0  0  2  11/25  24:13   3:59   3:55 
Bryan Young              0  0  0  -2  0   0  1  0  0  1  0/0    10:42   0:00   0:14 
Cam Barker               0  0  0  -1  0   1  3  2  0  2  0/0    30:30   4:06   5:41 
Chris Bourque            1  0  1   0  0   4  1  0  0  0  1/1    11:47   0:00   2:37 
Drew Stafford            0  1  1   0  2   1  1  0  1  1  1/1    14:16   2:19   0:00 
Igor Radulov             0  0  0  -2  0   1  0  0  0  0  0/0     8:22   0:00   0:22 
Jakob Silfverberg        0  0  0  -2  0   1  1  0  0  0  0/0     7:16   0:00   0:00 
Johan Franzen            0  0  0  -2  2   1  1  1  0  0  1/3    19:48   3:58   1:30 
Mark Fistric             0  0  0  -1  0   0  1  0  0  1  0/0    30:30   4:06   5:41 
Matt Greene              0  0  0  -2  0   1  0  1  0  0  0/0    18:48   2:12   2:56 
Matt Read                0  0  0   0  0   2  1  0  0  0  0/0     8:59   0:00   0:00 
Mike Cammalleri          1  0  1   0  0   1  0  0  0  0  0/0    13:59   2:19   0:00 
Milan Lucic              1  0  1  -3  4   2  1  1  2  0  3/11   22:40   3:59   2:49 
Patrice Bergeron         0  1  1   0  2   4  0  2  0  0  5/14   17:47   2:19   3:06 
Radek Bonk               0  1  1   0  0   0  0  0  0  1  3/8     9:15   0:00   0:23 
Ryan Whitney             0  0  0  -2  0   0  1  0  0  1  0/0    18:48   2:12   2:56 
Valtteri Filppula        0  0  0  -2  0   3  1  0  0  0  5/8    11:00   0:00   3:00 

Players Stats for Red Wings

Player Name              G  A  P  +/- PIM S  H  SB GA TA FO     MP     PP MP  PK MP  
------------------------------------------------------------------------------------
Adam Henrique            0  2  2   1  0   2  0  0  1  0  5/10   16:17   2:29   0:03 
Ales Hemsky              2  0  2   3  0   3  1  1  1  0  0/0    15:19   3:38   0:00 
Alex Picard              0  0  0   0  0   5  0  0  0  0  2/3    15:32   1:42   2:30 
Christian Backman        0  2  2   0  0   0  0  4  0  2  0/0    15:58   1:16   3:58 
Jason Spezza             1  0  1   2  0   2  0  0  1  0  9/17    9:25   2:08   0:02 
Martin Havlat            1  1  2   3  6   4  3  0  2  0  2/3    21:36   5:07   0:24 
Maxim Kondratiev         0  0  0   2  0   1  0  3  1  0  0/0    20:37   2:46   2:00 
Mike Brown               0  0  0   0  0   2  3  1  0  0  0/0     9:25   0:03   0:00 
Mike Richards            0  2  2   2  0   4  2  0  0  0  7/11   18:10   3:35   1:44 
Nate Thompson            0  0  0  -2  0   1  1  0  0  0  2/4     6:05   0:14   0:00 
Ossi Vaananen            1  1  2   2  0   2  2  0  0  0  0/0    18:53   2:23   0:50 
Paul Martin              0  0  0   1  0   1  0  1  0  0  0/0    13:00   2:26   0:20 
Richard Jackman          0  1  1   3  2   2  1  1  1  0  0/0    19:56   2:46   1:10 
Rick Nash                2  2  4   4  0   7  0  2  0  0  12/18  24:48   3:56   4:04 
Robert Dome              0  0  0  -1  0   0  1  3  1  0  0/0    12:07   0:44   3:49 
Sean Bergenheim          1  1  2   2  0   1  3  0  1  0  1/1    13:44   2:57   0:00 
Shawn Horcoff            0  1  1   0  2   2  1  0  0  0  1/4     9:23   0:00   0:00 
Shea Weber               0  1  1   2  0   1  3  2  0  1  0/0    31:42   6:05   4:18 

3 Stars

1 - Rick Nash (Det)
2 - Ales Hemsky (Det)
3 - Sean Bergenheim (Det)

Power Play

Rangers - 1 on 5 Attempt(s) - 20,00%
Red Wings - 1 on 6 Attempt(s) - 16,67%

Penalty Kill

Rangers - 5 on 6 Attempt(s) - 83,33% - Score 0 goal in Penalty Kill
Red Wings - 4 on 5 Attempt(s) - 80,00% - Score 0 goal in Penalty Kill

Team Stat

Rangers - Hits : 14 - Faceoff Wins : 30 - Blocked Shots : 8 - Penalty Minutes : 12
Red Wings - Hits : 21 - Faceoff Wins : 41 - Blocked Shots : 18 - Penalty Minutes : 10

Official

Referees : Fraser Kerry and Rooney Chris
Linesman : Derek Amell and Derek Nansen

Game Notes

Jason Spezza is injured at 2:33 of 2nd period (Strained Right Elbow)
Paul Martin is injured at 5:31 of 2nd period (Sore Left Knee)
Henrik Lundqvist enters game at 11:58 of 2nd period
Rick Nash is injured at 14:59 of 3rd period (Severed Right Wrist Tendon)

Finance

Level 1 -- Attendance: 5837 (97,28%) -- Ticket Income 437 775 $
Level 2 -- Attendance: 5000 (100,00%) -- Ticket Income 225 000 $
Level 3 -- Attendance: 2000 (100,00%) -- Ticket Income 50 000 $
Level 4 -- Attendance: 4000 (100,00%) -- Ticket Income 72 000 $
Luxury Box -- Attendance: 911 (91,10%) -- Ticket Income 136 650 $
Game was played at the Joe Louis Arena.
Total Attendance: 17748 (98,60%)
Total Ticket Income: 921 425 $
Other Income: 138 214 $
Total Income: 1 059 639 $

Rangers

5 vs 5 Forward 
   Center                   Left Wing                Right Wing               Time % Phy DF OF 
 1 Brad Richards            Milan Lucic              Johan Franzen            40     1   2  2  
 2 Patrice Bergeron         Mike Cammalleri          Drew Stafford            30     1   2  2  
 3 Radek Bonk               Chris Bourque            Matt Read                20     1   2  2  
 4 Valtteri Filppula        Igor Radulov             Jakob Silfverberg        10     1   2  2  

5 vs 5 Defense 
   Defense                  Defense                                           Time % Phy DF OF 
 1 Cam Barker               Mark Fistric                                      40     1   2  2  
 2 Ryan Whitney             Matt Greene                                       30     1   2  2  
 3 Alexei Emelin            Bryan Young                                       20     1   2  2  
 4 Cam Barker               Mark Fistric                                      10     1   2  2  

PowerPlay Forward 
   Center                   Left Wing                Right Wing               Time % Phy DF OF 
 1 Brad Richards            Milan Lucic              Johan Franzen            60     1   2  2  
 2 Patrice Bergeron         Mike Cammalleri          Drew Stafford            40     1   2  2  

PowerPlay Defense
   Defense                  Defense                                           Time % Phy DF OF 
 1 Cam Barker               Mark Fistric                                      60     1   2  2  
 2 Ryan Whitney             Matt Greene                                       40     1   2  2  

Penalty Kill 4 Players Forward 
   Center                   Wing                     Time % Phy DF OF 
 1 Milan Lucic              Brad Richards            60     1   2  2  
 2 Patrice Bergeron         Johan Franzen            40     1   2  2  

Penalty Kill 4 Players Defense
   Defense                  Defense                  Time % Phy DF OF 
 1 Cam Barker               Mark Fistric             60     1   2  2  
 2 Ryan Whitney             Matt Greene              40     1   2  2  

Penalty Kill - 3 Players Forward 
   Forward                                           Time % Phy DF OF 
 1 Milan Lucic                                       60     1   2  2  
 2 Brad Richards                                     40     1   2  2  

Penalty Kill - 3 Players Defense
   Defense                  Defense                  Time % Phy DF OF 
 1 Cam Barker               Mark Fistric             60     1   2  2  
 2 Ryan Whitney             Matt Greene              40     1   2  2  

4 vs 4 Forward 
   Center                   Wing                     Time % Phy DF OF 
 1 Milan Lucic              Brad Richards            60     1   2  2  
 2 Patrice Bergeron         Johan Franzen            40     1   2  2  

4 vs 4 Defense
   Defense                  Defense                  Time % Phy DF OF 
 1 Cam Barker               Mark Fistric             60     1   2  2  
 2 Ryan Whitney             Matt Greene              40     1   2  2  

Last Minutes Offensive
   Center                   Left Wing                Right Wing               Defense                  Defense                  
   Brad Richards            Milan Lucic              Johan Franzen            Cam Barker               Mark Fistric             

Last Minutes Defensive
   Center                   Left Wing                Right Wing               Defense                  Defense                  
   Brad Richards            Milan Lucic              Johan Franzen            Cam Barker               Mark Fistric             

Goaltenders
Starting : Hannu Toivonen           
Backup : Henrik Lundqvist         

Extra Forwards
Normal : Matt Read, Radek Bonk, Valtteri Filppula - PP : Matt Read, Radek Bonk - PK : Valtteri Filppula
Extra Defensemen
Normal : Alexei Emelin, Bryan Young, Ryan Whitney - PP : Alexei Emelin - PK : Bryan Young, Ryan Whitney
Penalty Shots
Milan Lucic, Brad Richards, Patrice Bergeron, Johan Franzen, Mike Cammalleri

Red Wings

5 vs 5 Forward 
   Center                   Left Wing                Right Wing               Time % Phy DF OF 
 1 Jason Spezza             Rick Nash                Martin Havlat            40     1   2  2  
 2 Mike Richards            Sean Bergenheim          Ales Hemsky              30     1   2  2  
 3 Shawn Horcoff            Alex Picard              Mike Brown               20     1   2  2  
 4 Nate Thompson            Adam Henrique            Robert Dome              10     1   2  2  

5 vs 5 Defense 
   Defense                  Defense                                           Time % Phy DF OF 
 1 Shea Weber               Paul Martin                                       40     1   2  2  
 2 Richard Jackman          Maxim Kondratiev                                  30     1   2  2  
 3 Ossi Vaananen            Christian Backman                                 20     1   2  2  
 4 Shea Weber               Paul Martin                                       10     1   2  2  

PowerPlay Forward 
   Center                   Left Wing                Right Wing               Time % Phy DF OF 
 1 Jason Spezza             Rick Nash                Martin Havlat            60     1   2  2  
 2 Mike Richards            Sean Bergenheim          Ales Hemsky              40     1   2  2  

PowerPlay Defense
   Defense                  Defense                                           Time % Phy DF OF 
 1 Shea Weber               Paul Martin                                       60     1   2  2  
 2 Richard Jackman          Maxim Kondratiev                                  40     1   2  2  

Penalty Kill 4 Players Forward 
   Center                   Wing                     Time % Phy DF OF 
 1 Rick Nash                Jason Spezza             60     1   2  2  
 2 Mike Richards            Martin Havlat            40     1   2  2  

Penalty Kill 4 Players Defense
   Defense                  Defense                  Time % Phy DF OF 
 1 Shea Weber               Paul Martin              60     1   2  2  
 2 Richard Jackman          Maxim Kondratiev         40     1   2  2  

Penalty Kill - 3 Players Forward 
   Forward                                           Time % Phy DF OF 
 1 Rick Nash                                         60     1   2  2  
 2 Jason Spezza                                      40     1   2  2  

Penalty Kill - 3 Players Defense
   Defense                  Defense                  Time % Phy DF OF 
 1 Shea Weber               Paul Martin              60     1   2  2  
 2 Richard Jackman          Maxim Kondratiev         40     1   2  2  

4 vs 4 Forward 
   Center                   Wing                     Time % Phy DF OF 
 1 Rick Nash                Jason Spezza             60     1   2  2  
 2 Mike Richards            Martin Havlat            40     1   2  2  

4 vs 4 Defense
   Defense                  Defense                  Time % Phy DF OF 
 1 Shea Weber               Paul Martin              60     1   2  2  
 2 Richard Jackman          Maxim Kondratiev         40     1   2  2  

Last Minutes Offensive
   Center                   Left Wing                Right Wing               Defense                  Defense                  
   Jason Spezza             Rick Nash                Martin Havlat            Shea Weber               Paul Martin              

Last Minutes Defensive
   Center                   Left Wing                Right Wing               Defense                  Defense                  
   Jason Spezza             Rick Nash                Martin Havlat            Shea Weber               Paul Martin              

Goaltenders
Starting : Jonathan Quick           
Backup : Scott Clemmensen         

Extra Forwards
Normal : Adam Henrique, Alex Picard, Robert Dome - PP : Adam Henrique, Alex Picard - PK : Robert Dome
Extra Defensemen
Normal : Ossi Vaananen, Christian Backman, Richard Jackman - PP : Ossi Vaananen - PK : Christian Backman, Richard Jackman
Penalty Shots
Rick Nash, Jason Spezza, Mike Richards, Martin Havlat, Sean Bergenheim

% Time on Ice - Rangers

Lines # - Real PCT - Wanted PCT - Time Play
Normal Forward
1 - 35% - 40% - 15:04
2 - 28% - 30% - 11:58
3 - 21% - 20% - 8:52
4 - 17% - 10% - 7:16
Normal Defense
1 - 41% - 40% - 17:33
2 - 32% - 30% - 13:40
3 - 23% - 20% - 10:01
4 - 4% - 10% - 1:56
PP Forward
1 - 63% - 60% - 3:59
2 - 37% - 40% - 2:19
PP Defense
1 - 65% - 60% - 4:06
2 - 35% - 40% - 2:12
PK Forward
1 - 83% - 60% - 7:21
2 - 17% - 40% - 1:30
PK Defense
1 - 67% - 60% - 5:55
2 - 33% - 40% - 2:56
PK3 Forward
1 - 0% - 60%
2 - 0% - 40%
PK3 Defense
1 - 0% - 60%
2 - 0% - 40%
44 Forward
1 - 93% - 60% - 1:34
2 - 7% - 40% - 0:07
44 Defense
1 - 100% - 60% - 1:41
2 - 0% - 40% - 0:00
Last Minute Offensive  - 0:00
Last Minute Defensive  - 0:00
Total
Forward - 60:00
Defense - 60:00

% Time on Ice - Red Wings

Lines # - Real PCT - Wanted PCT - Time Play
Normal Forward
1 - 42% - 40% - 18:15
2 - 24% - 30% - 10:34
3 - 21% - 20% - 8:56
4 - 13% - 10% - 5:25
Normal Defense
1 - 45% - 40% - 19:19
2 - 34% - 30% - 14:46
3 - 17% - 20% - 7:21
4 - 4% - 10% - 1:44
PP Forward
1 - 67% - 60% - 5:54
2 - 33% - 40% - 2:57
PP Defense
1 - 69% - 60% - 6:05
2 - 31% - 40% - 2:46
PK Forward
1 - 94% - 60% - 5:54
2 - 6% - 40% - 0:24
PK Defense
1 - 68% - 60% - 4:18
2 - 32% - 40% - 2:00
PK3 Forward
1 - 0% - 60%
2 - 0% - 40%
PK3 Defense
1 - 0% - 60%
2 - 0% - 40%
44 Forward
1 - 100% - 60% - 1:41
2 - 0% - 40% - 0:00
44 Defense
1 - 100% - 60% - 1:41
2 - 0% - 40% - 0:00
Last Minute Offensive  - 0:00
Last Minute Defensive  - 0:00
Total
Forward - 60:00
Defense - 60:00

Play by Play

1st period


0:01 of 1st period - Jason Spezza wins face-off versus Milan Lucic in neutral zone.
0:14 of 1st period - Slapshot by Rick Nash.
0:14 of 1st period - Stopped by Hannu Toivonen with a rebound.
0:16 of 1st period - Slapshot by Paul Martin.
0:16 of 1st period - Shot Misses the Net.
0:22 of 1st period - Minor Penalty to Milan Lucic for Roughing.
0:23 of 1st period - Rick Nash wins face-off versus Valtteri Filppula in Rangers zone.
1:00 of 1st period - Johan Franzen is hit by Ales Hemsky and loses puck.
2:22 of 1st period - Penalty to Milan Lucic is over, Milan Lucic is back on ice.
2:29 of 1st period - Snap shot by Alex Picard.
2:29 of 1st period - Stopped by Hannu Toivonen with a rebound.
2:35 of 1st period - Wrist shot by Alex Picard.
2:35 of 1st period - Stopped by Hannu Toivonen with a rebound.
2:49 of 1st period - Backhand shot by Nate Thompson.
2:49 of 1st period - Shot Blocked by Cam Barker.
3:07 of 1st period - Icing by Jakob Silfverberg.
3:08 of 1st period - Valtteri Filppula wins face-off versus Shawn Horcoff in Rangers zone.
3:23 of 1st period - Slapshot by Jakob Silfverberg.
3:23 of 1st period - Shot Misses the Net.
3:25 of 1st period - Wrist shot by Valtteri Filppula.
3:25 of 1st period - Shot Misses the Net.
3:27 of 1st period - Wrist shot by Valtteri Filppula.
3:27 of 1st period - Stopped by Jonathan Quick without a rebound.
3:28 of 1st period - Jason Spezza wins face-off versus Brad Richards in Red Wings zone.
3:43 of 1st period - Slapshot by Rick Nash.
3:43 of 1st period - Stopped by Hannu Toivonen without a rebound.
3:44 of 1st period - Mike Richards wins face-off versus Patrice Bergeron in Rangers zone.
3:53 of 1st period - Slapshot by Sean Bergenheim.
3:53 of 1st period - Deflect By Mike Richards.
3:53 of 1st period - Stopped by Hannu Toivonen with a rebound.
3:55 of 1st period - Snap shot by Mike Richards.
3:55 of 1st period - Stopped by Hannu Toivonen with a rebound.
4:17 of 1st period - Wrist shot by Jason Spezza.
4:17 of 1st period - Shot Blocked by Matt Greene.
4:19 of 1st period - Snap shot by Jason Spezza.
4:19 of 1st period - Goal by Jason Spezza - Rangers : 0 - Red Wings : 1.
4:20 of 1st period - Mike Richards wins face-off versus Patrice Bergeron in neutral zone.
4:25 of 1st period - Snap shot by Mike Richards.
4:25 of 1st period - Shot Blocked by Patrice Bergeron.
4:47 of 1st period - Brad Richards is hit by Martin Havlat and loses puck.
6:20 of 1st period - Wrist shot by Sean Bergenheim.
6:20 of 1st period - Shot Misses the Net.
6:22 of 1st period - Slapshot by Ossi Vaananen.
6:22 of 1st period - Stopped by Hannu Toivonen with a rebound.
6:54 of 1st period - Backhand shot by Patrice Bergeron.
6:54 of 1st period - Shot Misses the Net.
6:56 of 1st period - Wrist shot by Mike Cammalleri.
6:56 of 1st period - Goal by Mike Cammalleri - Rangers : 1 - Red Wings : 1.
6:57 of 1st period - Jason Spezza wins face-off versus Brad Richards in neutral zone.
7:22 of 1st period - Mark Fistric is hit by Sean Bergenheim and loses puck.
7:42 of 1st period - Slapshot by Maxim Kondratiev.
7:42 of 1st period - Stopped by Hannu Toivonen without a rebound.
7:43 of 1st period - Chris Bourque wins face-off versus Shawn Horcoff in Rangers zone.
7:58 of 1st period - Snap shot by Shawn Horcoff.
7:58 of 1st period - Deflect By Mike Brown.
7:58 of 1st period - Stopped by Hannu Toivonen with a rebound.
8:09 of 1st period - Icing by Milan Lucic.
8:10 of 1st period - Jason Spezza wins face-off versus Brad Richards in Rangers zone.
8:17 of 1st period - Snap shot by Jason Spezza.
8:17 of 1st period - Deflect By Martin Havlat.
8:17 of 1st period - Shot Misses the Net.
8:17 of 1st period - Puck is out of play.
8:18 of 1st period - Jason Spezza wins face-off versus Johan Franzen in Rangers zone.
8:19 of 1st period - Snap shot by Rick Nash.
8:19 of 1st period - Shot Blocked by Milan Lucic.
8:45 of 1st period - Maxim Kondratiev is hit by Mark Fistric and loses puck.
8:53 of 1st period - Off-side.
8:54 of 1st period - Jason Spezza wins face-off versus Patrice Bergeron in neutral zone.
8:59 of 1st period - Wrist shot by Rick Nash.
8:59 of 1st period - Shot Misses the Net.
9:01 of 1st period - Wrist shot by Rick Nash.
9:01 of 1st period - Shot Misses the Net.
9:03 of 1st period - Wrist shot by Rick Nash.
9:03 of 1st period - Shot Misses the Net.
9:05 of 1st period - Snap shot by Paul Martin.
9:05 of 1st period - Shot Misses the Net.
9:44 of 1st period - Snap shot by Chris Bourque.
9:44 of 1st period - Stopped by Jonathan Quick without a rebound.
9:45 of 1st period - Jason Spezza wins face-off versus Radek Bonk in Red Wings zone.
9:50 of 1st period - Radek Bonk is hit by Martin Havlat and loses puck.
9:52 of 1st period - Minor Penalty to Martin Havlat for Roughing.
9:53 of 1st period - Brad Richards wins face-off versus Jason Spezza in Red Wings zone.
9:54 of 1st period - Snap shot by Milan Lucic.
9:54 of 1st period - Goal by Milan Lucic - Rangers : 2 - Red Wings : 1.
9:55 of 1st period - Brad Richards wins face-off versus Jason Spezza in neutral zone.
10:06 of 1st period - Slapshot by Milan Lucic.
10:06 of 1st period - Shot Blocked by Paul Martin.
10:18 of 1st period - Minor Penalty to Brad Richards for Slashing.
10:19 of 1st period - Valtteri Filppula wins face-off versus Jason Spezza in Rangers zone.
12:18 of 1st period - Penalty to Brad Richards is over, Brad Richards is back on ice.
12:22 of 1st period - Ryan Whitney is hit by Mike Brown and loses puck.
12:27 of 1st period - Slapshot by Mike Brown.
12:27 of 1st period - Stopped by Hannu Toivonen with a rebound.
12:55 of 1st period - Snap shot by Valtteri Filppula.
12:55 of 1st period - Stopped by Jonathan Quick with a rebound.
12:57 of 1st period - Slapshot by Matt Greene.
12:57 of 1st period - Stopped by Jonathan Quick with a rebound.
13:01 of 1st period - Snap shot by Brad Richards.
13:01 of 1st period - Stopped by Jonathan Quick without a rebound.
13:02 of 1st period - Patrice Bergeron wins face-off versus Nate Thompson in Red Wings zone.
13:03 of 1st period - Slapshot by Cam Barker.
13:03 of 1st period - Shot Misses the Net.
13:05 of 1st period - Snap shot by Patrice Bergeron.
13:05 of 1st period - Stopped by Jonathan Quick with a rebound.
13:29 of 1st period - Mark Fistric is hit by Mike Richards and loses puck.
13:46 of 1st period - Wrist shot by Martin Havlat.
13:46 of 1st period - Stopped by Hannu Toivonen with a rebound.
13:48 of 1st period - Wrist shot by Rick Nash.
13:48 of 1st period - Stopped by Hannu Toivonen with a rebound.
13:50 of 1st period - Slapshot by Christian Backman.
13:50 of 1st period - Deflect By Martin Havlat.
13:50 of 1st period - Goal by Martin Havlat - Rangers : 2 - Red Wings : 2.
13:51 of 1st period - Patrice Bergeron wins face-off versus Jason Spezza in neutral zone.
14:41 of 1st period - Slapshot by Cam Barker.
14:41 of 1st period - Shot Blocked by Maxim Kondratiev.
15:11 of 1st period - Wrist shot by Drew Stafford.
15:11 of 1st period - Shot Misses the Net.
15:13 of 1st period - Snap shot by Mike Cammalleri.
15:13 of 1st period - Deflect By Patrice Bergeron.
15:13 of 1st period - Shot Misses the Net.
15:13 of 1st period - Puck is out of play.
15:14 of 1st period - Brad Richards wins face-off versus Rick Nash in Red Wings zone.
15:15 of 1st period - Snap shot by Milan Lucic.
15:15 of 1st period - Stopped by Jonathan Quick with a rebound.
15:19 of 1st period - Wrist shot by Johan Franzen.
15:19 of 1st period - Stopped by Jonathan Quick without a rebound.
15:20 of 1st period - Jason Spezza wins face-off versus Brad Richards in Red Wings zone.
15:20 of 1st period - Jason Spezza is hit by Johan Franzen.
16:09 of 1st period - Wrist shot by Valtteri Filppula.
16:09 of 1st period - Shot Blocked by Christian Backman.
16:11 of 1st period - Slapshot by Matt Greene.
16:11 of 1st period - Shot Misses the Net.
16:34 of 1st period - Slapshot by Brad Richards.
16:34 of 1st period - Stopped by Jonathan Quick without a rebound.
16:35 of 1st period - Nate Thompson wins face-off versus Radek Bonk in Red Wings zone.
16:44 of 1st period - Wrist shot by Nate Thompson.
16:44 of 1st period - Stopped by Hannu Toivonen with a rebound.
16:46 of 1st period - Snap shot by Richard Jackman.
16:46 of 1st period - Shot Blocked by Cam Barker.
16:48 of 1st period - Slapshot by Richard Jackman.
16:48 of 1st period - Deflect By Cam Barker.
16:48 of 1st period - Stopped by Hannu Toivonen without a rebound.
16:49 of 1st period - Johan Franzen wins face-off versus Jason Spezza in Rangers zone.
16:49 of 1st period - Johan Franzen is hit by Shea Weber.
16:59 of 1st period - Slapshot by Jason Spezza.
16:59 of 1st period - Stopped by Hannu Toivonen without a rebound.
17:00 of 1st period - Brad Richards wins face-off versus Jason Spezza in Rangers zone.
17:25 of 1st period - Patrice Bergeron is hit by Mike Richards and loses puck.
17:44 of 1st period - Wrist shot by Chris Bourque.
17:44 of 1st period - Shot Misses the Net.
18:04 of 1st period - Snap shot by Valtteri Filppula.
18:04 of 1st period - Stopped by Jonathan Quick without a rebound.
18:05 of 1st period - Valtteri Filppula wins face-off versus Nate Thompson in Red Wings zone.
18:16 of 1st period - Slapshot by Valtteri Filppula.
18:16 of 1st period - Shot Blocked by Maxim Kondratiev.
18:34 of 1st period - Wrist shot by Rick Nash.
18:34 of 1st period - Stopped by Hannu Toivonen without a rebound.
18:35 of 1st period - Brad Richards wins face-off versus Jason Spezza in Rangers zone.
Goals for this period are 2 for Rangers vs 2 for Red Wings.
Shots for this period are 12 for Rangers vs 18 for Red Wings.

2nd period


0:01 of 2nd period - Mike Richards wins face-off versus Patrice Bergeron in neutral zone.
0:13 of 2nd period - Slapshot by Patrice Bergeron.
0:13 of 2nd period - Stopped by Jonathan Quick with a rebound.
0:15 of 2nd period - Slapshot by Cam Barker.
0:15 of 2nd period - Stopped by Jonathan Quick without a rebound.
0:16 of 2nd period - Milan Lucic wins face-off versus Jason Spezza in Red Wings zone.
0:21 of 2nd period - Snap shot by Brad Richards.
0:21 of 2nd period - Shot Misses the Net.
0:48 of 2nd period - Slapshot by Paul Martin.
0:48 of 2nd period - Stopped by Hannu Toivonen without a rebound.
0:49 of 2nd period - Patrice Bergeron wins face-off versus Mike Richards in Rangers zone.
0:56 of 2nd period - Ales Hemsky is hit by Drew Stafford and loses puck.
1:03 of 2nd period - Wrist shot by Mike Richards.
1:03 of 2nd period - Shot Misses the Net.
1:13 of 2nd period - Snap shot by Mike Richards.
1:13 of 2nd period - Stopped by Hannu Toivonen with a rebound.
1:57 of 2nd period - Slapshot by Sean Bergenheim.
1:57 of 2nd period - Shot Misses the Net.
1:59 of 2nd period - Snap shot by Mike Richards.
1:59 of 2nd period - Shot Misses the Net.
2:01 of 2nd period - Wrist shot by Ales Hemsky.
2:01 of 2nd period - Goal by Ales Hemsky - Rangers : 2 - Red Wings : 3.
2:02 of 2nd period - Jason Spezza wins face-off versus Brad Richards in neutral zone.
2:05 of 2nd period - Snap shot by Martin Havlat.
2:05 of 2nd period - Shot Misses the Net.
2:32 of 2nd period - Jason Spezza is hit by Cam Barker and loses puck.
2:33 of 2nd period - Jason Spezza from Red Wings is injured at 2:33 of 2nd period (Strained Right Elbow).
2:34 of 2nd period - Adam Henrique wins face-off versus Brad Richards in Red Wings zone.
2:49 of 2nd period - Wrist shot by Martin Havlat.
2:49 of 2nd period - Shot Misses the Net.
3:10 of 2nd period - Matt Read is hit by Sean Bergenheim and loses puck.
3:41 of 2nd period - Slapshot by Richard Jackman.
3:41 of 2nd period - Stopped by Hannu Toivonen without a rebound.
3:42 of 2nd period - Valtteri Filppula wins face-off versus Adam Henrique in Rangers zone.
4:03 of 2nd period - Minor Penalty to Martin Havlat for Tripping.
4:04 of 2nd period - Rick Nash wins face-off versus Brad Richards in Red Wings zone.
4:21 of 2nd period - Minor Penalty to Johan Franzen for Tripping.
4:22 of 2nd period - Rick Nash wins face-off versus Milan Lucic in Rangers zone.
4:29 of 2nd period - Snap shot by Adam Henrique.
4:29 of 2nd period - Stopped by Hannu Toivonen with a rebound.
4:31 of 2nd period - Slapshot by Paul Martin.
4:31 of 2nd period - Deflect By Adam Henrique.
4:31 of 2nd period - Shot Misses the Net.
4:31 of 2nd period - Puck is out of play.
4:32 of 2nd period - Rick Nash wins face-off versus Milan Lucic in Rangers zone.
4:53 of 2nd period - Wrist shot by Rick Nash.
4:53 of 2nd period - Goal by Rick Nash - Rangers : 2 - Red Wings : 4.
4:54 of 2nd period - Rick Nash wins face-off versus Milan Lucic in neutral zone.
5:30 of 2nd period - Paul Martin is hit by Matt Read and loses puck.
5:31 of 2nd period - Paul Martin from Red Wings is injured at 5:31 of 2nd period (Sore Left Knee).
5:32 of 2nd period - Milan Lucic wins face-off versus Rick Nash in Red Wings zone.
5:41 of 2nd period - Snap shot by Adam Henrique.
5:41 of 2nd period - Stopped by Hannu Toivonen without a rebound.
5:42 of 2nd period - Rick Nash wins face-off versus Milan Lucic in Rangers zone.
5:55 of 2nd period - Snap shot by Adam Henrique.
5:55 of 2nd period - Deflect By Rick Nash.
5:55 of 2nd period - Shot Misses the Net.
5:55 of 2nd period - Puck is out of play.
5:56 of 2nd period - Brad Richards wins face-off versus Rick Nash in Rangers zone.
6:03 of 2nd period - Penalty to Martin Havlat is over, Martin Havlat is back on ice.
6:13 of 2nd period - Snap shot by Shea Weber.
6:13 of 2nd period - Stopped by Hannu Toivonen with a rebound.
6:21 of 2nd period - Penalty to Johan Franzen is over, Johan Franzen is back on ice.
6:29 of 2nd period - Milan Lucic is hit by Martin Havlat and loses puck.
7:28 of 2nd period - Snap shot by Martin Havlat.
7:28 of 2nd period - Shot Misses the Net.
7:30 of 2nd period - Snap shot by Ossi Vaananen.
7:30 of 2nd period - Deflect By Martin Havlat.
7:30 of 2nd period - Stopped by Hannu Toivonen with a rebound.
7:32 of 2nd period - Slapshot by Rick Nash.
7:32 of 2nd period - Goal by Rick Nash - Rangers : 2 - Red Wings : 5.
7:33 of 2nd period - Drew Stafford wins face-off versus Mike Richards in neutral zone.
7:58 of 2nd period - Mike Brown is hit by Chris Bourque and loses puck.
8:19 of 2nd period - Wrist shot by Shawn Horcoff.
8:19 of 2nd period - Stopped by Hannu Toivonen with a rebound.
8:21 of 2nd period - Snap shot by Ales Hemsky.
8:21 of 2nd period - Goal by Ales Hemsky - Rangers : 2 - Red Wings : 6.
8:22 of 2nd period - Sean Bergenheim wins face-off versus Patrice Bergeron in neutral zone.
8:31 of 2nd period - Wrist shot by Ales Hemsky.
8:31 of 2nd period - Shot Blocked by Patrice Bergeron.
10:31 of 2nd period - Snap shot by Martin Havlat.
10:31 of 2nd period - Stopped by Hannu Toivonen with a rebound.
10:58 of 2nd period - Brad Richards is hit by Shawn Horcoff and loses puck.
11:21 of 2nd period - Minor Penalty to Patrice Bergeron for Tripping.
11:22 of 2nd period - Adam Henrique wins face-off versus Milan Lucic in Rangers zone.
11:53 of 2nd period - Milan Lucic is hit by Shea Weber and loses puck.
11:58 of 2nd period - Slapshot by Sean Bergenheim.
11:58 of 2nd period - Goal by Sean Bergenheim - Rangers : 2 - Red Wings : 7.
11:58 of 2nd period - Henrik Lundqvist enters game.
11:59 of 2nd period - Patrice Bergeron wins face-off versus Adam Henrique in neutral zone.
12:02 of 2nd period - Slapshot by Mark Fistric.
12:02 of 2nd period - Shot Blocked by Rick Nash.
12:24 of 2nd period - Cam Barker is hit by Sean Bergenheim and loses puck.
13:13 of 2nd period - Matt Greene is hit by Robert Dome and loses puck.
13:38 of 2nd period - Mike Richards is hit by Valtteri Filppula and loses puck.
13:45 of 2nd period - Snap shot by Valtteri Filppula.
13:45 of 2nd period - Shot Blocked by Richard Jackman.
13:58 of 2nd period - Minor Penalty to Martin Havlat for High sticking.
13:59 of 2nd period - Rick Nash wins face-off versus Brad Richards in Red Wings zone.
13:59 of 2nd period - Rick Nash is hit by Brad Richards.
14:03 of 2nd period - Off-side.
14:04 of 2nd period - Rick Nash wins face-off versus Brad Richards in neutral zone.
14:33 of 2nd period - Snap shot by Drew Stafford.
14:33 of 2nd period - Stopped by Jonathan Quick without a rebound.
14:34 of 2nd period - Patrice Bergeron wins face-off versus Rick Nash in Red Wings zone.
14:37 of 2nd period - Wrist shot by Patrice Bergeron.
14:37 of 2nd period - Stopped by Jonathan Quick without a rebound.
14:38 of 2nd period - Brad Richards wins face-off versus Rick Nash in Red Wings zone.
15:11 of 2nd period - Snap shot by Patrice Bergeron.
15:11 of 2nd period - Shot Misses the Net.
15:13 of 2nd period - Snap shot by Drew Stafford.
15:13 of 2nd period - Shot Misses the Net.
15:58 of 2nd period - Penalty to Martin Havlat is over, Martin Havlat is back on ice.
16:09 of 2nd period - Off-side.
16:10 of 2nd period - Radek Bonk wins face-off versus Adam Henrique in neutral zone.
16:16 of 2nd period - Icing by Martin Havlat.
16:17 of 2nd period - Martin Havlat wins face-off versus Radek Bonk in Red Wings zone.
16:22 of 2nd period - Chris Bourque is hit by Ossi Vaananen and loses puck.
16:47 of 2nd period - Snap shot by Shawn Horcoff.
16:47 of 2nd period - Stopped by Henrik Lundqvist without a rebound.
16:48 of 2nd period - Shawn Horcoff wins face-off versus Brad Richards in Rangers zone.
16:59 of 2nd period - Slapshot by Cam Barker.
16:59 of 2nd period - Shot Misses the Net.
17:01 of 2nd period - Wrist shot by Milan Lucic.
17:01 of 2nd period - Shot Blocked by Maxim Kondratiev.
17:03 of 2nd period - Wrist shot by Milan Lucic.
17:03 of 2nd period - Shot Blocked by Mike Brown.
17:09 of 2nd period - Minor Penalty to Shawn Horcoff for Interference.
17:10 of 2nd period - Rick Nash wins face-off versus Brad Richards in Red Wings zone.
17:10 of 2nd period - Rick Nash is hit by Cam Barker.
17:19 of 2nd period - Off-side.
17:20 of 2nd period - Brad Richards wins face-off versus Rick Nash in neutral zone.
17:51 of 2nd period - Snap shot by Brad Richards.
17:51 of 2nd period - Shot Misses the Net.
18:35 of 2nd period - Snap shot by Brad Richards.
18:35 of 2nd period - Stopped by Jonathan Quick without a rebound.
18:36 of 2nd period - Rick Nash wins face-off versus Patrice Bergeron in Red Wings zone.
18:48 of 2nd period - Off-side.
18:49 of 2nd period - Rick Nash wins face-off versus Patrice Bergeron in neutral zone.
19:09 of 2nd period - Penalty to Shawn Horcoff is over, Shawn Horcoff is back on ice.
19:20 of 2nd period - Snap shot by Valtteri Filppula.
19:20 of 2nd period - Shot Blocked by Christian Backman.
19:22 of 2nd period - Slapshot by Ryan Whitney.
19:22 of 2nd period - Shot Blocked by Robert Dome.
19:24 of 2nd period - Slapshot by Ryan Whitney.
19:24 of 2nd period - Shot Blocked by Shea Weber.
19:39 of 2nd period - Off-side.
19:40 of 2nd period - Mike Richards wins face-off versus Radek Bonk in neutral zone.
19:52 of 2nd period - Off-side.
19:53 of 2nd period - Mike Richards wins face-off versus Brad Richards in neutral zone.
0:00 of 3rd period - Minor Penalty to Richard Jackman for Interference.
Goals for this period are 0 for Rangers vs 5 for Red Wings.
Shots for this period are 5 for Rangers vs 15 for Red Wings.

3rd period


0:01 of 3rd period - Rick Nash wins face-off versus Milan Lucic in neutral zone.
0:32 of 3rd period - Snap shot by Mark Fistric.
0:32 of 3rd period - Shot Blocked by Shea Weber.
0:34 of 3rd period - Snap shot by Mike Cammalleri.
0:34 of 3rd period - Shot Misses the Net.
0:36 of 3rd period - Snap shot by Mike Cammalleri.
0:36 of 3rd period - Shot Misses the Net.
2:00 of 3rd period - Penalty to Richard Jackman is over, Richard Jackman is back on ice.
2:11 of 3rd period - Snap shot by Chris Bourque.
2:11 of 3rd period - Shot Misses the Net.
2:13 of 3rd period - Slapshot by Matt Read.
2:13 of 3rd period - Stopped by Jonathan Quick without a rebound.
2:14 of 3rd period - Mike Richards wins face-off versus Radek Bonk in Red Wings zone.
2:34 of 3rd period - Wrist shot by Matt Read.
2:34 of 3rd period - Shot Hit the Post.
2:40 of 3rd period - Ossi Vaananen is hit by Bryan Young and loses puck.
3:01 of 3rd period - Igor Radulov is hit by Mike Brown and loses puck.
4:03 of 3rd period - Snap shot by Matt Read.
4:03 of 3rd period - Stopped by Jonathan Quick without a rebound.
4:04 of 3rd period - Radek Bonk wins face-off versus Mike Richards in Red Wings zone.
4:07 of 3rd period - Wrist shot by Radek Bonk.
4:07 of 3rd period - Shot Blocked by Ales Hemsky.
4:19 of 3rd period - Slapshot by Ales Hemsky.
4:19 of 3rd period - Stopped by Henrik Lundqvist with a rebound.
5:07 of 3rd period - Off-side.
5:08 of 3rd period - Mike Richards wins face-off versus Valtteri Filppula in neutral zone.
5:33 of 3rd period - Brad Richards is hit by Mike Brown and loses puck.
5:54 of 3rd period - Patrice Bergeron is hit by Nate Thompson and loses puck.
6:08 of 3rd period - Off-side.
6:09 of 3rd period - Radek Bonk wins face-off versus Mike Richards in neutral zone.
6:18 of 3rd period - Wrist shot by Chris Bourque.
6:18 of 3rd period - Stopped by Jonathan Quick without a rebound.
6:19 of 3rd period - Martin Havlat wins face-off versus Milan Lucic in Red Wings zone.
6:19 of 3rd period - Martin Havlat is hit by Milan Lucic.
7:33 of 3rd period - Rick Nash is hit by Jakob Silfverberg and loses puck.
8:00 of 3rd period - Wrist shot by Jakob Silfverberg.
8:00 of 3rd period - Shot Misses the Net.
8:02 of 3rd period - Snap shot by Jakob Silfverberg.
8:02 of 3rd period - Deflect By Igor Radulov.
8:02 of 3rd period - Stopped by Jonathan Quick with a rebound.
8:06 of 3rd period - Wrist shot by Jakob Silfverberg.
8:06 of 3rd period - Shot Blocked by Christian Backman.
8:08 of 3rd period - Snap shot by Valtteri Filppula.
8:08 of 3rd period - Shot Blocked by Christian Backman.
8:10 of 3rd period - Slapshot by Igor Radulov.
8:10 of 3rd period - Shot Blocked by Robert Dome.
8:14 of 3rd period - Snap shot by Igor Radulov.
8:14 of 3rd period - Shot Blocked by Robert Dome.
8:16 of 3rd period - Snap shot by Jakob Silfverberg.
8:16 of 3rd period - Stopped by Jonathan Quick without a rebound.
8:17 of 3rd period - Brad Richards wins face-off versus Alex Picard in Red Wings zone.
8:53 of 3rd period - Snap shot by Matt Read.
8:53 of 3rd period - Shot Misses the Net.
8:55 of 3rd period - Wrist shot by Chris Bourque.
8:55 of 3rd period - Stopped by Jonathan Quick with a rebound.
9:17 of 3rd period - Wrist shot by Patrice Bergeron.
9:17 of 3rd period - Shot Misses the Net.
9:29 of 3rd period - Slapshot by Maxim Kondratiev.
9:29 of 3rd period - Deflect By Alex Picard.
9:29 of 3rd period - Stopped by Henrik Lundqvist without a rebound.
9:30 of 3rd period - Brad Richards wins face-off versus Shawn Horcoff in Rangers zone.
9:30 of 3rd period - Brad Richards is hit by Shea Weber.
10:01 of 3rd period - Wrist shot by Mike Brown.
10:01 of 3rd period - Deflect By Alex Picard.
10:01 of 3rd period - Shot Blocked by Johan Franzen.
10:01 of 3rd period - Puck is out of play.
10:02 of 3rd period - Adam Henrique wins face-off versus Patrice Bergeron in Rangers zone.
10:03 of 3rd period - Snap shot by Rick Nash.
10:03 of 3rd period - Stopped by Henrik Lundqvist with a rebound.
10:14 of 3rd period - Minor Penalty to Drew Stafford for Cross-checking.
10:15 of 3rd period - Milan Lucic wins face-off versus Adam Henrique in Rangers zone.
12:14 of 3rd period - Penalty to Drew Stafford is over, Drew Stafford is back on ice.
12:36 of 3rd period - Matt Read is hit by Richard Jackman and loses puck.
13:02 of 3rd period - Ales Hemsky is hit by Ryan Whitney and loses puck.
13:49 of 3rd period - Wrist shot by Chris Bourque.
13:49 of 3rd period - Goal by Chris Bourque - Rangers : 3 - Red Wings : 7.
13:50 of 3rd period - Adam Henrique wins face-off versus Brad Richards in neutral zone.
14:28 of 3rd period - Wrist shot by Mike Richards.
14:28 of 3rd period - Stopped by Henrik Lundqvist without a rebound.
14:29 of 3rd period - Alex Picard wins face-off versus Johan Franzen in Rangers zone.
14:34 of 3rd period - Snap shot by Mike Brown.
14:34 of 3rd period - Deflect By Alex Picard.
14:34 of 3rd period - Stopped by Henrik Lundqvist with a rebound.
14:59 of 3rd period - Slapshot by Patrice Bergeron.
14:59 of 3rd period - Shot Blocked by Rick Nash.
14:59 of 3rd period - Rick Nash from Red Wings is injured at 14:59 of 3rd period (Severed Right Wrist Tendon).
15:00 of 3rd period - Brad Richards wins face-off versus Martin Havlat in Red Wings zone.
15:12 of 3rd period - Minor Penalty to Milan Lucic for Hooking.
15:13 of 3rd period - Valtteri Filppula wins face-off versus Adam Henrique in Rangers zone.
15:13 of 3rd period - Valtteri Filppula is hit by Ossi Vaananen.
15:23 of 3rd period - Slapshot by Alex Picard.
15:23 of 3rd period - Stopped by Henrik Lundqvist with a rebound.
15:25 of 3rd period - Wrist shot by Shea Weber.
15:25 of 3rd period - Deflect By Martin Havlat.
15:25 of 3rd period - Shot Misses the Net.
15:25 of 3rd period - Puck is out of play.
15:26 of 3rd period - Adam Henrique wins face-off versus Valtteri Filppula in Rangers zone.
15:51 of 3rd period - Ales Hemsky is hit by Cam Barker and loses puck.
17:12 of 3rd period - Penalty to Milan Lucic is over, Milan Lucic is back on ice.
17:24 of 3rd period - Wrist shot by Milan Lucic.
17:24 of 3rd period - Shot Misses the Net.
17:26 of 3rd period - Wrist shot by Johan Franzen.
17:26 of 3rd period - Shot Misses the Net.
17:36 of 3rd period - Snap shot by Patrice Bergeron.
17:36 of 3rd period - Stopped by Jonathan Quick without a rebound.
17:37 of 3rd period - Nate Thompson wins face-off versus Patrice Bergeron in Red Wings zone.
18:41 of 3rd period - Slapshot by Ossi Vaananen.
18:41 of 3rd period - Goal by Ossi Vaananen - Rangers : 3 - Red Wings : 8.
18:42 of 3rd period - Alex Picard wins face-off versus Brad Richards in neutral zone.
19:32 of 3rd period - Snap shot by Brad Richards.
19:32 of 3rd period - Shot Misses the Net.
19:52 of 3rd period - Wrist shot by Mike Brown.
19:52 of 3rd period - Shot Blocked by Alexei Emelin.
Goals for this period are 1 for Rangers vs 1 for Red Wings.
Shots for this period are 8 for Rangers vs 7 for Red Wings.